[Event "Late-Titled-Tuesday-Blitz-March-26-2024"]
[Site "Chess.com"]
[Date "2024.03.26"]
[Round "7"]
[White "chessamical"]
[Black "Practical-Play"]
[Result "0-1"]
[WhiteElo "2281"]
[BlackElo "2476"]
[TimeControl "180+1"]
[EndTime "15:15:35 PDT"]
[Termination "Practical-Play won by resignation"]

1. d4 g6 2. e4 Bg7 3. Nc3 b6 4. Be3 Bb7 5. Qd2 Nf6 6. f3 d6 7. g4 h5 8. g5 Nfd7 9. h4 a6 10. Bh3 e6 11. Nge2 b5 12. a4 b4 13. Nd1 a5 14. c4 Nb6 15. b3 d5 16. c5 N6d7 17.
e5 Nc6 18. Rc1 Ba6 19. Nf4 Ncxe5 20. dxe5 Nxe5 21. Kf2 d4 22. Bxd4 Nd3+ 23. Nxd3 Qxd4+ 0-1

[Event "Late-Titled-Tuesday-Blitz-March-26-2024"]
[Site "Chess.com"]
[Date "2024.03.26"]
[Round "7"]
[White "Oleksandr_Bortnyk"]
[Black "ChessSwole"]
[Result "1-0"]
[WhiteElo "3037"]
[BlackElo "2676"]
[TimeControl "180+1"]
[EndTime "15:15:40 PDT"]
[Termination "Oleksandr_Bortnyk won by resignation"]

1. Nh3 Nh6 2. f3 f6 3. Nf2 Nf7 4. Na3 Na6 5. c3 c6 6. Nc2 Nc7 7. d4 d5 8. e4 e5 9. Be3 Be6 10.
Bd3 Bd6 11. h4 h5 12. Qe2 Qe7 13. O-O-O O-O-O 14. dxe5 Nxe5 15. Bxa7 dxe4 16. Nxe4 Bxa2 17. Nxd6+ Rxd6 18. Bf5+ Be6 19. Rxd6 Qxd6 20. Rd1 Qe7 21. Nd4 Re8 22. f4 Ng4 23. Nxe6 Nxe6 24. Bb6 1-0

[Event "Late-Titled-Tuesday-Blitz-March-26-2024"]
[Site "Chess.com"]
[Date "2024.03.26"]
[Round "7"]
[White "Abhishek2"]
[Black "andrzej"]
[Result "0-1"]
[WhiteElo "2350"]
[BlackElo "2522"]
[TimeControl "180+1"]
[EndTime "15:15:45 PDT"]
[Termination "andrzej won by checkmate"]

1. d4 d5 2. Bf4 Nf6 3. e3 c5 4. Nf3 Nc6 5. Nbd2 cxd4 6. exd4 Qb6 7. Nb3 Bf5 8. a4 a6 9. a5 Qd8 10. Be2 e6 11. O-O Rc8 12. c3 Be7 13. Nh4 Be4 14. f3 Bg6 15. Nxg6 hxg6 16. Bd3 Bd6 17. Qd2 Qc7 18.
Bxd6 Qxd6 19. g3 Nd7 20. f4 Ne7 21. Rfe1 Nf5 22. Bxf5 gxf5 23. Qd3 Kf8 24. Nd2 Nf6 25. Nf3 Ne4 26. Ne5 g6 27. Ra4 Kg7 28. Rb4 Qc7 29. Re2 Rh3 30. c4 Rch8 31. c5 Qxa5 32. Qb3 Qa1+ 33. Kg2 Rxh2+ 34. Kf3 Qh1+ 35. Ke3 Rxe2+ 36.
Kxe2 Rh2+ 37. Kd3 Qf1+ 38. Ke3 Qe2# 0-1

[Event "Late-Titled-Tuesday-Blitz-March-26-2024"]
[Site "Chess.com"]
[Date "2024.03.26"]
[Round "7"]
[White "Iball95"]
[Black "dropstoneDP"]
[Result "0-1"]
[WhiteElo "2873"]
[BlackElo "3008"]
[TimeControl "180+1"]
[EndTime "15:15:49 PDT"]
[Termination "dropstoneDP won by resignation"]

1. e4 e5 2. Nf3 Nf6 3. Nc3 Nc6 4. Bb5 Nd4 5. Nxd4 exd4 6. e5 dxc3 7. exf6 Qxf6 8. dxc3 Bc5 9. O-O O-O 10. Bd3 d6 11.
Qd2 Re8 12. a4 a5 13. Qf4 Qxf4 14. Bxf4 Bd7 15. Rfe1 Rxe1+ 16. Rxe1 Bxa4 17. Re7 Re8 18. Rxc7 Re1+ 19. Bf1 g5 20. Bd2 Rd1 21. Bxg5 Bb5 22. h4 Rxf1+ 23. Kh2 Kg7 24. Rxb7 Bc6 25. Rc7 Bd5 26.
f3 Rf2 27. b4 axb4 28. cxb4 Bxb4 29. c4 Be6 30. Be3 Rc2 31. Bd4+ Kg6 32. Rc8 Bxc8 0-1

[Event "Late-Titled-Tuesday-Blitz-March-26-2024"]
[Site "Chess.com"]
[Date "2024.03.26"]
[Round "7"]
[White "EgorYakovlev"]
[Black "DeArron_Fox"]
[Result "1-0"]
[WhiteElo "2681"]
[BlackElo "2506"]
[TimeControl "180+1"]
[EndTime "15:15:51 PDT"]
[Termination "EgorYakovlev won by resignation"]

1. e4 c5 2. Nf3 e6 3. d4 cxd4 4.
Nxd4 a6 5. Bd3 Bc5 6. Nb3 Ba7 7. Qe2 Ne7 8. O-O O-O 9. Kh1 Nbc6 10. f4 b5 11. N1d2 Bb7 12. Nf3 Rc8 13. Be3 Bxe3 14. Qxe3 f5 15. Nc5 Ba8 16. Rad1 Nb4 17. Ng5 h6 18. Ngxe6 dxe6 19. Nxe6 Qd6 20. Nxf8 Rxf8 21. Bc4+ 1-0

[Event "Late-Titled-Tuesday-Blitz-March-26-2024"]
[Site "Chess.com"]
[Date "2024.03.26"]
[Round "7"]
[White "bilelou"]
[Black "HelenaWalker2912"]
[Result "1-0"]
[WhiteElo "2707"]
[BlackElo "2502"]
[TimeControl "180+1"]
[EndTime "15:15:55 PDT"]
[Termination "bilelou won by resignation"]

1. e4 c6 2. d4 d5 3. f3 e6 4. Nc3 Qb6 5. Nge2 Nf6 6. a3 Be7 7. h4 c5 8. exd5 exd5 9. Be3 Nc6 10. dxc5 Bxc5 11. Na4 Qa5+ 12. b4 Qxa4 13. Bxc5 Bf5 14. Ra2 Ne5 15. Nd4 Qd7 16. Bb5 Nc6 17. O-O O-O-O 18. Bxa7 Rhe8 19. Bb6 Qd6 1-0

[Event "Late-Titled-Tuesday-Blitz-March-26-2024"]
[Site "Chess.com"]
[Date "2024.03.26"]
[Round "7"]
[White "KorolDimitriy75"]
[Black "maximnovik"]
[Result "0-1"]
[WhiteElo "2400"]
[BlackElo "2578"]
[TimeControl "180+1"]
[EndTime "15:16:01 PDT"]
[Termination "maximnovik won on time"]

1. d4 Nf6 2. c4 g6 3. Nc3 d5 4. cxd5 Nxd5 5. e4 Nxc3 6. bxc3 Bg7 7. Nf3 c5 8. Rb1 O-O 9. Be2 b6 10. O-O Bb7 11. Qd3 Ba6 12. Qe3 Qc8 13. d5 Bxe2 14. Qxe2 Bxc3 15. e5 Qf5 16. Bh6 Rd8 17. Rbc1 Bd4 18.
Nxd4 cxd4 19. Rc7 Rxd5 20. Qe4 Na6 21. Qxd5 Nxc7 22. Qb7 Qc8 23. Qe4 Ne6 24. Rc1 Qd8 25. Qb7 d3 26. g3 Nc5 0-1

[Event "Late-Titled-Tuesday-Blitz-March-26-2024"]
[Site "Chess.com"]
[Date "2024.03.26"]
[Round "7"]
[White "Heliosis11"]
[Black "BabageldiAnnaberdiyev"]
[Result "1-0"]
[WhiteElo "2339"]
[BlackElo "2625"]
[TimeControl "180+1"]
[EndTime "15:16:11 PDT"]
[Termination "Heliosis11 won by resignation"]

1. e4 e6 2. d4 d5 3. Nc3 Nf6 4. e5 Nfd7 5. f4 c5 6. Nf3 Nc6 7. Be3 a6 8. Qd2 b5 9. Qf2 Qb6 10. dxc5 Bxc5 11. Bxc5 Qxc5 12. Qxc5 Nxc5 13. O-O-O Bd7 14.
Nd4 Nxd4 15. Rxd4 g6 16. Be2 h5 17. Rhd1 Ke7 18. Nxd5+ exd5 19. Rxd5 Rac8 20. b4 Bc6 21. Rxc5 Bxg2 22. Rd6 Rxc5 23. bxc5 Rc8 24. Rxa6 Rxc5 25. Ra7+ Kf8 26. Kd2 h4 27. Bd3 g5 28. Ke3 g4 29. Ra5 g3 30. hxg3 h3 31. Kf2 Bc6 32.
Kg1 f6 33. e6 f5 34. Ra7 Be4 35. Rh7 Bxd3 36. cxd3 Rc3 37. Kh2 Rxd3 38. Kxh3 Ra3 39. Rf7+ Ke8 40. Rxf5 b4 41. Rb5 Ra4 42. f5 Ke7 43. g4 1-0

[Event "Late-Titled-Tuesday-Blitz-March-26-2024"]
[Site "Chess.com"]
[Date "2024.03.26"]
[Round "7"]
[White "Viktor_Poddubnyi"]
[Black "ccccvhhhj"]
[Result "0-1"]
[WhiteElo "2302"]
[BlackElo "2442"]
[TimeControl "180+1"]
[EndTime "15:16:15 PDT"]
[Termination "ccccvhhhj won on time"]

1. e4 e6 2. d4 d5 3. Nd2 Nc6 4. Ngf3 g5 5. exd5 exd5 6. Bb5 Qe7+ 7. Kf1 Bd7 8. Nb3 f6 9. Nc5 O-O-O 10. Be3 Qf7 11.
c3 Bxc5 12. dxc5 Nge7 13. b4 h5 14. a4 h4 15. Bxc6 Bxc6 16. b5 Be8 17. Nd4 h3 18. g3 Rg8 19. c6 f5 20. cxb7+ Kb8 21. Nc6+ Bxc6 22. bxc6 f4 23. Bc5 fxg3 24. hxg3 Nxc6 25.
Qd2 g4 0-1

[Event "Late-Titled-Tuesday-Blitz-March-26-2024"]
[Site "Chess.com"]
[Date "2024.03.26"]
[Round "7"]
[White "Defenstrator"]
[Black "Blackwhite017"]
[Result "0-1"]
[WhiteElo "2457"]
[BlackElo "2105"]
[TimeControl "180+1"]
[EndTime "15:16:16 PDT"]
[Termination "Blackwhite017 won by checkmate"]

1. f3 b6 2. c3 Bb7 3. Kf2 d5 4. Ke3 d4+ 5. cxd4 Nc6 6. Kf2 Nxd4 7. e3 Nc6 8. d4 Nf6 9. Nc3 e6 10. Bb5 a6 11. Ba4 b5 12. Bb3 Be7 13. Nge2 Na5 14. Bc2 O-O 15. e4 c5 16. Be3 Nc4 17. Bc1 cxd4 18.
Nb1 Ne3 19. Bxe3 dxe3+ 20. Kxe3 Qb6+ 21. Kf4 e5+ 22. Kg3 Nh5+ 23. Kh3 Qe6+ 24. g4 Rfd8 25. Qe1 Nf6 26. Kg2 Rac8 27. Bb3 Qb6 28. Nbc3 b4 29. Nd1 Nxe4 30. fxe4 Bxe4+ 31. Kg3 Rd3+ 32. Ne3 Qxe3# 0-1

[Event "Late-Titled-Tuesday-Blitz-March-26-2024"]
[Site "Chess.com"]
[Date "2024.03.26"]
[Round "7"]
[White "RichardShtivelband"]
[Black "1mbl4"]
[Result "0-1"]
[WhiteElo "2460"]
[BlackElo "2617"]
[TimeControl "180+1"]
[EndTime "15:16:18 PDT"]
[Termination "1mbl4 won by resignation"]

1. d4 Nf6 2. c4 c5 3. d5 b5 4. cxb5 a6 5. bxa6 g6 6. b3 Bg7 7. Bb2 Bxa6 8. e4 Bxf1 9. Kxf1 d6 10. Nd2 O-O 11. Qc2 e6 12. dxe6 fxe6 13. Ngf3 Nc6 14. a3 e5 15. Ng5 Qd7 16. Qc4+ Kh8 17. Rd1 Nd4 18. Bxd4 cxd4 19. a4 Rac8 20. Qe6 Qc6 21. Nf7+ Rxf7 22. Qxf7 Qc2 23. Ke2 Nxe4 24. Kf3 Ng5+ 0-1

[Event "Late-Titled-Tuesday-Blitz-March-26-2024"]
[Site "Chess.com"]
[Date "2024.03.26"]
[Round "7"]
[White "steepedgames"]
[Black "Andrei_Skvortsov"]
[Result "0-1"]
[WhiteElo "2528"]
[BlackElo "2713"]
[TimeControl "180+1"]
[EndTime "15:16:25 PDT"]
[Termination "Andrei_Skvortsov won by checkmate"]

1. d4 g6 2. Nf3 Bg7 3. Nc3 d5 4. Bf4 c6 5. e3 Nf6 6. h3 O-O 7. Bd3 a5 8. O-O b5 9. a3 Na6 10. Ne5 Bb7 11. f3 Nd7 12. Nxd7 Qxd7 13. Kh1 f6 14. Ne2 e5 15. Bh2 c5 16. c3 c4 17. Bc2 Rae8 18. Qe1 Nc7 19. Qf2 Ne6 20. Rad1 Qe7 21. e4 dxe4 22. fxe4 exd4 23. cxd4 Ng5 24.
d5 Nxe4 25. Bxe4 Qxe4 26. Nc3 Qe7 27. Nxb5 Qd7 28. Nd6 Rd8 29. Nxc4 Ba6 30. Nb6 Qb7 31. Rfe1 f5 32. d6 f4 33. Bg1 Qc6 34. Qc5 Bb7 35. Qxc6 Bxc6 36. Kh2 f3 37. gxf3 Rxf3 38. b4 Rxa3 39. bxa5 Ra2+ 40. Kg3 Rg2+ 41. Kf4 Rf8+ 42. Ke3 Rf3# 0-1

[Event "Late-Titled-Tuesday-Blitz-March-26-2024"]
[Site "Chess.com"]
[Date "2024.03.26"]
[Round "7"]
[White "GelmanAlexander"]
[Black "Rud_Makarian"]
[Result "0-1"]
[WhiteElo "2680"]
[BlackElo "3093"]
[TimeControl "180+1"]
[EndTime "15:16:31 PDT"]
[Termination "Rud_Makarian won by resignation"]

1. c4 g6 2. Nf3 Bg7 3. e3 d6 4.
Be2 e5 5. Nc3 f5 6. d4 e4 7. Nd2 Nf6 8. b4 O-O 9. O-O Nc6 10. b5 Ne7 11. a4 g5 12. a5 g4 13. a6 b6 14. Ba3 Be6 15. Rc1 Rf7 16. Kh1 h5 17. f3 exf3 18. gxf3 Ng6 19. Bd3 Nh7 20. Ne2 Qh4 21. Qe1 Ng5 22. Qxh4 Nxh4 23. Nf4 Bd7 24. fxg4 hxg4 25. c5 dxc5 26. dxc5 Rd8 27.
Bc4 Bxb5 28. Rc2 Rxd2 29. Bxf7+ Nxf7 30. Rxd2 Bxf1 31. cxb6 cxb6 32. Rd7 Bxa6 33. Rxa7 Bb5 34. Rb7 Bc6+ 0-1

[Event "Late-Titled-Tuesday-Blitz-March-26-2024"]
[Site "Chess.com"]
[Date "2024.03.26"]
[Round "7"]
[White "Stanbad1"]
[Black "cthulhuuu"]
[Result "1-0"]
[WhiteElo "2645"]
[BlackElo "2418"]
[TimeControl "180+1"]
[EndTime "15:16:33 PDT"]
[Termination "Stanbad1 won on time"]

1. d4 Nf6 2. c4 e5 3. dxe5 Ng4 4. e3 Nxe5 5. f4 Nec6 6. Nc3 Bc5 7. Nf3 O-O 8. Bd3 f5 9. O-O d6 10. Kh1 Kh8 11. Na4 Nd7 12. a3 a5 13. Qc2 Qf6 14. Bd2 Ba7 15. Rae1 Nc5 16. Nxc5 Bxc5 17. Bc3 Qh6 18.
Ng5 Bd7 19. Rf3 Qg6 20. Rh3 h6 21. Be2 Qe8 22. Rxh6+ Kg8 23. Rh3 Be6 24. Bh5 Bf7 25.
Qxf5 1-0

[Event "Late-Titled-Tuesday-Blitz-March-26-2024"]
[Site "Chess.com"]
[Date "2024.03.26"]
[Round "7"]
[White "AnthonyWirig"]
[Black "ahkashefi2800"]
[Result "0-1"]
[WhiteElo "2815"]
[BlackElo "2618"]
[TimeControl "180+1"]
[EndTime "15:16:34 PDT"]
[Termination "ahkashefi2800 won by resignation"]

1. d4 d5 2. c4 c6 3. Nf3 Nf6 4.
Qc2 g6 5. Bf4 Bg7 6. cxd5 Nxd5 7. Be5 Nf6 8. Nc3 O-O 9. e3 Bf5 10. Qb3 Qb6 11. Bc4 Nbd7 12. Bg3 Ne4 13. Nxe4 Bxe4 14.
O-O Bxf3 15. gxf3 Qxb3 16. axb3 a6 17. Ra5 e6 18. h4 h5 19. Kg2 Nb6 20. Rfa1 Rac8 21.
Kf1 Rfd8 22. Ke2 Bf6 23. Rc1 Nd5 24. Bd3 Ne7 25. Be4 Re8 26. Rac5 Rcd8 27. Bc7 Rd7 28. Bg3 Nf5 29. Bxf5 exf5 30. Kf1 Be7 31. R5c4 Bd6 32.
Bxd6 Rxd6 33. f4 Rd5 34. Rc5 Red8 35. b4 Kg7 36. Ke2 Kf6 37. Kd3 Ke6 38. b3 Kf6 39.
Ke2 Ke6 40. Kd3 Kd6 41. Rxd5+ cxd5 42. b5 axb5 43. Rc5 b6 44. Rxb5 Kc6 45. Rb4 b5 46. Kc2 Ra8 47. Kb2 Ra7 48. Kb1 Kb6 49. Kb2 Ra8 50.
Kb1 Ka5 0-1

[Event "Late-Titled-Tuesday-Blitz-March-26-2024"]
[Site "Chess.com"]
[Date "2024.03.26"]
[Round "7"]
[White "Houdinovic"]
[Black "ACollins05"]
[Result "1-0"]
[WhiteElo "2711"]
[BlackElo "2516"]
[TimeControl "180+1"]
[EndTime "15:16:34 PDT"]
[Termination "Houdinovic won by checkmate"]

1. Nf3 d5 2. d4 Nf6 3. c4 e6 4. Nc3 Be7 5. cxd5 exd5 6. Bf4 c6 7. h3 Bf5 8. e3 O-O 9. Bd3 Bxd3 10.
Qxd3 Nbd7 11. O-O Re8 12. Rab1 a5 13. Ne5 Nxe5 14. dxe5 Nd7 15. e4 Nc5 16. Qe2 d4 17. Rbd1 Ne6 18. Bc1 b5 19. Kh1 Qb6 20. Nb1 c5 21. b3 a4 22. f4 axb3 23. axb3 c4 24. f5 d3 25. Qg4 Ra1 26. Nc3 Kh8 27. Nd5 Qc6 28. bxc4 Nc5 29. cxb5 Qxb5 30. Nxe7 Qc4 31. f6 g6 32. Bh6 Rxd1 33. Bg7# 1-0

[Event "Late-Titled-Tuesday-Blitz-March-26-2024"]
[Site "Chess.com"]
[Date "2024.03.26"]
[Round "7"]
[White "alexrustemov"]
[Black "TheCount"]
[Result "1-0"]
[WhiteElo "2921"]
[BlackElo "2661"]
[TimeControl "180+1"]
[EndTime "15:16:35 PDT"]
[Termination "alexrustemov won by resignation"]

1. d4 Nf6 2. c4 g6 3. Nf3 Bg7 4.
g3 O-O 5. Bg2 d5 6. cxd5 Nxd5 7.
O-O Nb6 8. Nc3 Nc6 9. e3 Bd7 10. h3 e5 11. d5 Ne7 12. e4 c6 13. Bg5 h6 14. dxc6 bxc6 15. Bc1 Qc8 16. Kh2 Rd8 17.
Qc2 Be6 18. b3 a5 19. Be3 Qa6 20. Rfd1 Rxd1 21. Rxd1 a4 22. Bf1 axb3 23. axb3 Qb7 24. Nd2 Rd8 25. Na4 Nxa4 26. bxa4 Qb4 27. Rb1 Qa5 28.
Bc4 Bxc4 29. Nxc4 Qa6 30. Rb6 Qa8 31. Qb3 Nc8 32. Rb7 Rd3 33. Rb8 Rxb3 34. Rxa8 1-0

[Event "Late-Titled-Tuesday-Blitz-March-26-2024"]
[Site "Chess.com"]
[Date "2024.03.26"]
[Round "7"]
[White "Mikhail_Golubev"]
[Black "omeed_87"]
[Result "1/2-1/2"]
[WhiteElo "2640"]
[BlackElo "2427"]
[TimeControl "180+1"]
[EndTime "15:16:39 PDT"]
[Termination "Game drawn by repetition"]

1. e4 e6 2. d4 d5 3. e5 c5 4. c3 Nc6 5. Nf3 Bd7 6. Be2 Rc8 7. O-O cxd4 8. cxd4 Nge7 9. Nc3 a6 10. Be3 Nf5 11. Qd2 Be7 12. Bd3 Nh4 13. Nxh4 Bxh4 14. f4 g6 15. Rf3 Nb4 16. Bb1 Be7 17. a3 Nc6 18. b4 Na7 19. Bd3 Nb5 20. Ne2 Qb6 21.
g4 Na7 22. f5 Bb5 23. fxe6 Qxe6 24. Nf4 Qxg4+ 25. Rg3 Qd7 26. Bc2 Bh4 27. Rg2 Ba4 28.
Bd3 Bb5 29. Bc2 Ba4 30. Bd3 Bb5 31. Bc2 1/2-1/2

[Event "Late-Titled-Tuesday-Blitz-March-26-2024"]
[Site "Chess.com"]
[Date "2024.03.26"]
[Round "7"]
[White "cristianserban1"]
[Black "giovannibrandao7"]
[Result "1-0"]
[WhiteElo "2547"]
[BlackElo "2160"]
[TimeControl "180+1"]
[EndTime "15:16:48 PDT"]
[Termination "cristianserban1 won on time"]

1. Nf3 Nf6 2. b3 d6 3. Bb2 Nbd7 4. d4 g6 5. e3 Bg7 6. c4 O-O 7. Be2 Re8 8. O-O c6 9. Nc3 Qc7 10. Rc1 e5 11. dxe5 Nxe5 12. Nxe5 dxe5 13. Rc2 Bf5 14. Rd2 Rad8 15. Rxd8 Rxd8 16. Qc1 Ne4 17. Nxe4 Bxe4 18. Rd1 Bf5 19. h3 Be6 20. Bc3 f5 21. Rxd8+ Qxd8 22. Qb2 Qc7 23. e4 fxe4 24. Qd2 c5 25. Bd1 Qd7 26.
Bc2 Qxd2 27. Bxd2 Bf5 28. Be3 b6 29. g4 Be6 30. Bxe4 Kf7 31. Kf1 h5 32. f3 hxg4 33.
hxg4 Bf6 34. Ke2 Kg7 35. Kd3 Bf7 36. Bb7 Kf8 37. Ke4 Ke7 38. Bf2 Kd6 39. Bg3 Bg7 40. f4 exf4 41. Bxf4+ Ke6 42. Bb8 1-0

[Event "Late-Titled-Tuesday-Blitz-March-26-2024"]
[Site "Chess.com"]
[Date "2024.03.26"]
[Round "7"]
[White "GothamChess"]
[Black "VD_coach"]
[Result "1-0"]
[WhiteElo "2668"]
[BlackElo "2502"]
[TimeControl "180+1"]
[EndTime "15:16:50 PDT"]
[Termination "GothamChess won by resignation"]

1. e4 c5 2. Nc3 d6 3. d4 cxd4 4. Qxd4 a6 5. b3 Nc6 6. Qd2 Nf6 7. Bb2 e6 8. f3 Be7 9. O-O-O O-O 10. Kb1 Qc7 11.
g4 Rd8 12. g5 Nd7 13. f4 b5 14.
Nf3 Bb7 15. f5 Nde5 16. Be2 Nxf3 17. Bxf3 Ne5 18. Bg2 Rac8 19. f6 Bf8 20. h4 b4 21.
Na4 d5 22. Qe2 dxe4 23. Bxe4 Bxe4 24. Qxe4 Rxd1+ 25. Rxd1 Ng4 26. Qxg4 Qxc2+ 27. Ka1 Qf2 28. fxg7 Bxg7 29. Bxg7 Kxg7 30. Qd4+ 1-0

[Event "Late-Titled-Tuesday-Blitz-March-26-2024"]
[Site "Chess.com"]
[Date "2024.03.26"]
[Round "7"]
[White "Budisavljevic"]
[Black "ahmedkandiliii"]
[Result "1-0"]
[WhiteElo "2773"]
[BlackElo "2524"]
[TimeControl "180+1"]
[EndTime "15:16:53 PDT"]
[Termination "Budisavljevic won by checkmate"]

1. d4 Nf6 2. Bg5 Ne4 3. Bf4 d5 4. f3 Nf6 5. Nc3 e6 6. e4 dxe4 7. fxe4 Nxe4 8. Nxe4 Qh4+ 9. g3 Qd8 10. Nf3 b6 11.
Bd3 Bb7 12. Qe2 Be7 13. O-O-O O-O 14. h4 Qd5 15. Kb1 Nc6 16. Nc3 Qa5 17. Bxh7+ Kxh7 18. Ng5+ Kg8 19. Qh5 Qf5 20. g4 Qg6 21. Qxg6 fxg6 22.
Nxe6 Rf6 23. d5 Nd8 24. Bg5 Rxe6 25. dxe6 Bxg5 26. Rhe1 Be7 27. Rd7 Kf8 28. Rf1+ Ke8 29. Rxc7 Rc8 30. Nb5 Bxh4 31. Nd6# 1-0

[Event "Late-Titled-Tuesday-Blitz-March-26-2024"]
[Site "Chess.com"]
[Date "2024.03.26"]
[Round "7"]
[White "Savagelittlemole"]
[Black "The_Straightforward_Rook"]
[Result "1-0"]
[WhiteElo "2522"]
[BlackElo "2384"]
[TimeControl "180+1"]
[EndTime "15:16:53 PDT"]
[Termination "Savagelittlemole won by resignation"]

1. e4 c6 2. Nf3 d5 3. d3 Nd7 4.
Nc3 e6 5. g3 Bb4 6. Bd2 Ne7 7.
Bg2 O-O 8. O-O b6 9. a3 Bxc3 10.
Bxc3 Bb7 11. Re1 c5 12. e5 d4 13. Bd2 Qc7 14. Bf4 h6 15. Nd2 Bxg2 16. Kxg2 Ng6 17. Qe2 Qc6+ 18. Qe4 Nxf4+ 19. gxf4 Qxe4+ 20. dxe4 f5 21. exf6 gxf6 22. Kf3 Kf7 23. Rg1 Rg8 24. Nc4 Ke7 25.
a4 h5 26. Rg3 h4 27. Rh3 Rh8 28.
Rg1 Kf7 29. Rg4 a6 30. Rgxh4 Rxh4 31. Rxh4 Kg7 32. Nd6 b5 33. f5 Ne5+ 34. Ke2 Rd8 35.
Nb7 Rc8 36. fxe6 Rc7 37. Nd6 Re7 38. Nf5+ 1-0

[Event "Late-Titled-Tuesday-Blitz-March-26-2024"]
[Site "Chess.com"]
[Date "2024.03.26"]
[Round "7"]
[White "stollenmonster"]
[Black "Oleg_Papayan"]
[Result "0-1"]
[WhiteElo "2852"]
[BlackElo "2649"]
[TimeControl "180+1"]
[EndTime "15:16:57 PDT"]
[Termination "Oleg_Papayan won by resignation"]

1. e4 c5 2. Nf3 e6 3. Be2 Nf6 4. Nc3 d5 5. exd5 Nxd5 6. Nxd5 Qxd5 7. d4 Nc6 8. c4 Qd6 9. d5 Ne7 10. Qa4+ Bd7 11. Qb3 exd5 12. cxd5 Qxd5 13. Bc4 Qe4+ 14.
Be3 Be6 15. Bxe6 fxe6 16. O-O-O c4 17. Qb5+ Qc6 18. Qh5+ Ng6 19. Ne5 Qb5 20. Bd4 O-O-O 21. Bc3 Bd6 22. f4 Nxf4 23. Qg5 Bxe5 24. Bxe5 Nd3+ 25.
Rxd3 cxd3 26. Qxg7 d2+ 27. Kd1 Qa4+ 28. b3 Qc6 29.
Bc3 Rhg8 0-1

[Event "Late-Titled-Tuesday-Blitz-March-26-2024"]
[Site "Chess.com"]
[Date "2024.03.26"]
[Round "7"]
[White "Chesstiger64"]
[Black "Jimonios"]
[Result "0-1"]
[WhiteElo "2402"]
[BlackElo "2607"]
[TimeControl "180+1"]
[EndTime "15:16:57 PDT"]
[Termination "Jimonios won by checkmate"]

1. d4 h6 2. Nf3 a6 3. c4 b6 4. Nc3 g6 5. e4 c6 6. Be3 f6 7.
Bd3 e6 8. Qd2 d6 9. h4 Bg7 10.
h5 g5 11. g4 Ne7 12. e5 dxe5 13. dxe5 fxe5 14. O-O-O Nd7 15. Bg6+ Nxg6 16. hxg6 Qe7 17. Ne4 O-O 18. Nfxg5 hxg5 19. Bxg5 Qe8 20. Nd6 Qxg6 21. Rh5 Nc5 22. Rdh1 Rxf2 23. Qc3 Nd3+ 24. Kb1 Ne1+ 25. Ka1 Nc2+ 26. Kb1 Na3+ 27. Ka1 Nc2+ 28. Kb1 Bd7 29. a4 Raf8 30. Ka2 a5 31. Bh6 Nb4+ 32. Kb3 R8f3 33.
Bxg7 Rxc3+ 34. bxc3 Rb2+ 35. Kxb2 Qc2+ 36. Ka3 Qa2# 0-1

[Event "Late-Titled-Tuesday-Blitz-March-26-2024"]
[Site "Chess.com"]
[Date "2024.03.26"]
[Round "7"]
[White "Meri-Arabidze"]
[Black "janhelmer03"]
[Result "1-0"]
[WhiteElo "2689"]
[BlackElo "2424"]
[TimeControl "180+1"]
[EndTime "15:16:58 PDT"]
[Termination "Meri-Arabidze won by resignation"]

1. Nf3 c5 2. c4 Nc6 3. g3 e5 4. Nc3 g6 5. d3 Bg7 6. Bg2 d6 7. a3 Nge7 8. Rb1 a5 9. O-O O-O 10. Bd2 h6 11. Ne1 Be6 12. Nc2 b6 13. b4 axb4 14.
axb4 Ra7 15. Nb5 Ra2 16. Nc3 Ra7 17. Nd5 Bxd5 18. cxd5 Nd4 19. Ne3 f5 20. Nc4 b5 21.
Na5 cxb4 22. Bxb4 Rxa5 23. Bxa5 Qxa5 24. e3 b4 25. exd4 exd4 26. Qe2 Bf6 27. Qe6+ Kg7 28. Qxd6 Rd8 29. Qxb4 Qxb4 30. Rxb4 Nxd5 31. Rb7+ Ne7 32. Re1 Kf7 33. h4 Rc8 34. Bd5+ Kf8 35. Bc4 Ra8 36. Re6 Kg7 37. Rexe7+ Bxe7 38. Rxe7+ Kh8 39. Kg2 1-0

[Event "Late-Titled-Tuesday-Blitz-March-26-2024"]
[Site "Chess.com"]
[Date "2024.03.26"]
[Round "7"]
[White "HajiyevKanan"]
[Black "Kildepiotr"]
[Result "0-1"]
[WhiteElo "2549"]
[BlackElo "2735"]
[TimeControl "180+1"]
[EndTime "15:16:59 PDT"]
[Termination "Kildepiotr won by checkmate"]

1. d4 c5 2. e3 Nf6 3. Nf3 d5 4. Be2 Bg4 5. O-O Nbd7 6. b3 e6 7. Bb2 Bd6 8. dxc5 Nxc5 9. c4 dxc4 10. Bxc4 O-O 11. Nbd2 Qe7 12. h3 Bh5 13. Be2 Rfd8 14. Nd4 Bg6 15. Nc4 Bc7 16. f4 e5 17. f5 exd4 18.
Bxd4 b5 19. Nd2 Rxd4 20. exd4 Qe3+ 21. Kh1 Nce4 22. Nxe4 Nxe4 23. Rf3 Ng3+ 24. Rxg3 Qxg3 25. Kg1 Bxf5 26. Bf3 Re8 27. Kf1 Qh2 28. Rc1 Bg3 29. Qd2 Qh1# 0-1

[Event "Late-Titled-Tuesday-Blitz-March-26-2024"]
[Site "Chess.com"]
[Date "2024.03.26"]
[Round "7"]
[White "carokannlover213"]
[Black "MITerryble"]
[Result "0-1"]
[WhiteElo "2830"]
[BlackElo "2991"]
[TimeControl "180+1"]
[EndTime "15:17:01 PDT"]
[Termination "MITerryble won on time"]

1. e4 e6 2. d4 d5 3. Nc3 Nf6 4. e5 Nfd7 5. f4 c5 6. Nf3 Nc6 7. Be3 Be7 8. dxc5 O-O 9. Qd2 Qa5 10.
a3 Nxc5 11. O-O-O a6 12. Kb1 Qc7 13. Qf2 b6 14. h4 Bb7 15. Bd3 Nxd3 16. cxd3 b5 17.
Rc1 d4 18. Nxd4 Nxd4 19. Nd5 Qd7 20. Nxe7+ Qxe7 21. Bxd4 Qd7 22. Rh3 Rfc8 23. Rc3 a5 24. f5 exf5 25. Rg3 Qe6 26. h5 h6 27. Rxc8+ Rxc8 28. Bc3 b4 29. axb4 axb4 30. Bxb4 Qb3 31. Qd2 Bd5 32. Bc3 Rxc3 33. Qxc3 Qd1+ 34. Qc1 Ba2+ 35. Kxa2 Qxc1 36. Rf3 Qc2 37. Re3 Qd2 38. Re1 Qxe1 39. Kb3 Qxe5 40. Kc4 Qxb2 41. Kd5 Qxg2+ 0-1

[Event "Late-Titled-Tuesday-Blitz-March-26-2024"]
[Site "Chess.com"]
[Date "2024.03.26"]
[Round "7"]
[White "salgadoLO"]
[Black "JackRodgers"]
[Result "0-1"]
[WhiteElo "2158"]
[BlackElo "2539"]
[TimeControl "180+1"]
[EndTime "15:17:03 PDT"]
[Termination "JackRodgers won by checkmate"]

1. e4 g6 2. d4 Bg7 3. Nc3 d6 4. f4 Nd7 5. Nf3 c5 6. d5 Ngf6 7. a4 O-O 8. Bd3 e6 9. dxe6 fxe6 10. e5 dxe5 11. fxe5 Nd5 12. O-O Nxe5 13. Nxe5 Bxe5 14.
Rxf8+ Qxf8 15. Ne4 Bd7 16. Bg5 Bxb2 17. Rb1 Bd4+ 18.
Kh1 Bc6 19. Bb5 Qf5 20. Bd3 Qf7 21. Nd6 Qc7 22. Ne4 Rf8 23. Qg4 Bd7 24. Qh4 c4 25. Be2 Nc3 26. Re1 Nxe2 27. Rxe2 Rf1# 0-1

[Event "Late-Titled-Tuesday-Blitz-March-26-2024"]
[Site "Chess.com"]
[Date "2024.03.26"]
[Round "7"]
[White "ThinkingSquares"]
[Black "Sanyura"]
[Result "1-0"]
[WhiteElo "2801"]
[BlackElo "2593"]
[TimeControl "180+1"]
[EndTime "15:17:04 PDT"]
[Termination "ThinkingSquares won by resignation"]

1. d4 Nf6 2. c4 g6 3. Nc3 d6 4. e4 Bg7 5. Nf3 O-O 6. Be2 Nbd7 7.
Be3 e5 8. O-O h6 9. d5 Ng4 10. Bd2 f5 11. g3 f4 12. Nh4 fxg3 13.
fxg3 Rxf1+ 14. Qxf1 Nc5 15. Nxg6 Nf6 16. Qg2 a5 17.
Rf1 Bg4 18. h3 Bxe2 19. Qxe2 Qd7 20. Kg2 c6 21. Nh4 cxd5 22. cxd5 b5 23. Bxh6 b4 24.
Bxg7 Kxg7 25. Nf5+ Kg6 26. Qe3 Rh8 27. Nh4+ Kf7 28.
Qg5 Qd8 29. Qg6+ 1-0